AoeStats
← 1847373944

Nomad

509330892Analyzed
4v4 RM · 7d ago on Sep 26, 2026· 35m 49s· 8 players
Game mode
Random Map
Map size
231×231
Population
200
Speed
Normal
Resources
Standard
Victory
Conquest
Starting age
Dark Age
Ending age
Imperial Age
RankedLock teamsTeams togetherTeam positionsShared explorationLock speedFull tech treeHidden civsTurbo modeCheats
Victory
Defeat
🇨🇳 Saxons · China
1112
+13
🇹🇼 Dravidians · Taiwan
1080
+14
🇹🇼 Varangians · Taiwan
1013
+17
🇨🇳 Romans · China
989
+17
🇹🇷 Persians · Türkiye
1070
-18
🇨🇳 Italians · China
1056
-16
🇳🇱 Bengalis · Netherlands
1003
-14
🇧🇷 Huns · Brazil
989
-13
Zain
6:23 Loom
14:23 Feudal Age
15:05 Double-Bit Axe
17:01 Horse Collar
16:52 Man-at-Arms
18:02 Fletching
21:23 Wheelbarrow
25:33 Castle Age
26:28 Bodkin Arrow
33:09 Imperial Age
33:09 Heavy Plow
35:04 Conscription
34:42 Gold Mining
Sakura
16:14 Feudal Age
23:40 Castle Age
22:10 Man-at-Arms
23:50 Long Swordsman
24:39 Squires
28:50 Double-Bit Axe
mj871231
4:47 Loom
17:16 Feudal Age
17:49 Double-Bit Axe
21:01 Castle Age
19:48 Fletching
19:48 Horse Collar
22:49 Husbandry
22:52 Bodkin Arrow
25:13 Wheelbarrow
24:50 Bow Saw
24:11 Elite Skirmisher
28:55 Padded Archer Armor
29:52 Leather Archer Armor
34:12 Town Watch
35:53 Fishing Lines
QDD
5:11 Loom
14:49 Feudal Age
15:51 Double-Bit Axe
18:51 Castle Age
18:31 Fletching
18:42 Padded Archer Armor
24:53 Horse Collar
26:54 Bodkin Arrow
28:46 Leather Archer Armor
31:10 Heavy Plow
31:21 Bow Saw
36:01 Imperial Age
35:04 Forging
34:55 Scale Mail Armor
36:04 Squires
FeHZappa
7:05 Loom
15:57 Feudal Age
19:55 Castle Age
18:13 Double-Bit Axe
18:44 Stone Mining
21:23 Fletching
24:50 Wheelbarrow
Soldier
3:30 Loom
18:49 Feudal Age
20:33 Wheelbarrow
20:00 Double-Bit Axe
20:14 Stone Mining
20:15 Gold Mining
21:08 Fishing Lines
21:15 Horse Collar
27:20 Castle Age
27:37 Forging
28:36 Hand Cart
boaziscool123
15:13 Feudal Age
13:31 Loom
1847373944
4:48 Loom
13:42 Feudal Age
19:39 Castle Age
18:55 Stone Mining
23:03 Wheelbarrow
24:32 Double-Bit Axe
24:39 Fletching
26:21 Hand Cart
26:25 Bow Saw
26:07 Gold Mining
26:17 Bodkin Arrow
26:22 Padded Archer Armor
Connection lost

Rejoining the realm…

Still unreachable

The connection could not be restored.

Session expired

The server has moved on; the page needs a fresh start.